[Event "88th Tata Steel Masters 2026"]
[White "Bluebaum,Matthias"]
[Black "Giri,Anish"]
[Site "Wijk aan Zee"]
[Round "10.6"]
[Annotator "TA"]
[Result "1-0"]
[Date "2026.01.28"]
[WhiteElo "2679"]
[BlackElo "2760"]
[PlyCount "49"]
[TimeControl "60"]

1. d4 g6 2. c4 Bg7 3. e4 d6 4. Nc3 c5 5. d5 Bxc3+ 6. bxc3 e5 {[%emt 0:0:0] A43: Schmid Benoni.} 7. dxe6 ({White should try} 7. Bd3 $16 )Bxe6 $14 8. Bd3 {[%emt 0:0:0] 8.Rb1 is a critical line.} Nf6 {[%emt 0:0:0] White is slightly better.} 9. Ne2 Nh5 10. O-O Nc6 11. f4 Bd7 $146 ({Predecessor:} 11... Bg4 12. Qe1 Qe7 13. h3 Bxe2 14. Bxe2 Ng7 15. Bf3 O-O 16. e5 f5 17. Bd5+ Kh8 18. Bxc6 bxc6 19. exd6 Qxd6 {1-0 Prokofyev,V (2287)-Damjanovic,V (2409) EU-ch 22nd Terme Catez 2022 (11)} )12. h3 Qe7 13. g4 $1 Ng7 14. f5 Qh4 {[%emt 0:0:39] White must now prevent ...h5.} 15. Nf4 h5 (15... O-O-O $11 16. Kh2 g5 )16. Ng2 (16. fxg6 O-O-O 17. Qe2 (17. gxf7 hxg4 18. a4 Qg3+ 19. Ng2 gxh3 $19 )hxg4 18. hxg4 Ne6 $11 (18... Bxg4 $2 19. Qg2 $19 ))Qxh3 {[%emt 0:9:50] [#]} 17. Rf3 $1 {[%emt 0:5:23] White sacrificed a pawn. A sharp opening} Qxg4 18. Be2 {[%emt 0:0:34] And now Rd3 would win.} gxf5 ({Better is} 18... O-O-O $14 19. Bf4 g5 (19... gxf5 $2 {perishes.} 20. Rg3 $18 ))19. Re3 $18 Qg5 (19... f4 20. Bxg4 Bxg4 )20. exf5+ Ne7 21. Qxd6 Bc6 (21... Ngxf5 {might work better.} 22. Qxd7+ Kxd7 23. Rd3+ Kc7 24. Bxg5 Rag8 )22. Re4 Qxg2+ 23. Kxg2 {[%emt 0:0:33][%csl Ge4][%cal Rd6e7] [#] White is clearly winning.} Bxe4+ {[%emt 0:2:39] Black is weak on the dark squares} 24. Kf2 Bxf5 (24... Rg8 $142 25. Qe5 (25. Qxc5 Ngxf5 26. Ba3 Rd8 $16 )Bxf5 )25. Bg5 {[%emt 0:1:30] Weighted Error Value: White=0.06 (flawless) /Black=0.68   Mistake:       	White=1     	Black=5      Inaccurate:     	White=2     	Black=1      OK:         	White=1     	Black=1      Strong:       	White=2     	---} 1-0

[Event "88th Tata Steel Masters 2026"]
[White "Niemann,Hans Moke"]
[Black "Praggnanandhaa R"]
[Site "Wijk aan Zee"]
[Round "10.7"]
[Annotator "TA"]
[Result "1/2-1/2"]
[Date "2026.01.28"]
[WhiteElo "2725"]
[BlackElo "2758"]
[PlyCount "80"]
[TimeControl "60"]

1. e4 e6 2. d4 d5 3. Nc3 dxe4 4. Nxe4 Nd7 5. Nf3 Ngf6 6. Nxf6+ Nxf6 7. Be3 Nd5 {[%emt 0:0:0] C10: French with 3 Nc3: Unusual Black 3rd moves and 3...dxe4.} 8. Bd2 c5 9. Bb5+ Bd7 {[%emt 0:0:0] White has an edge.} 10. Bxd7+ Qxd7 11. c4 Nb6 12. Rc1 f6 13. dxc5 {[%emt 0:3:36] is the legacy move (13.0-0).} Bxc5 14. b4 Be7 15. O-O O-O 16. Qb3 Qa4 $146 ({Predecessor:} 16... Rac8 17. Rfd1 Rfd8 18. Be1 Qa4 19. Nd4 e5 20. Nf5 Bf8 21. Ne3 a6 22. c5+ Qxb3 23. axb3 {½-½ Bacrot,E (2714)-Meier,G (2663) FRA-chT Top 16 GpA 2010 (5)} )17. Nd4 Rfd8 18. Bc3 e5 19. Nf5 Bf8 20. Ne3 Qxb3 21. axb3 Kf7 22. Rfd1 Ke6 23. Kf1 g6 24. Ke2 Be7 25. b5 Bc5 26. Ra1 Rxd1 27. Nxd1 f5 28. g3 g5 29. b4 Be7 30. c5 Nd5 31. b6 {[%emt 0:1:38] Repels Nc7} a6 32. Bd2 e4 33. Ne3 Nxe3 34. Bxe3 $11 {[%emt 0:0:35][%mdl 4096] Endgame b5 poses a challenge. KRB-KRB} Rd8 (34... Rf8 $11 )35. c6 bxc6 {[%emt 0:0:45] The position is equal.} 36. Rxa6 Rb8 37. Ra7 Bxb4 38. Bxg5 Bc5 {[%emt 0:2:12] Dodges Be3} 39. Be3 Bxe3 40. Kxe3 Rxb6 {[%emt 0:0:0] Weighted Error Value: White=0.09 (flawless) /Black=0.08 (flawless)   Mistake:       	White=1     	Black=1      Inaccurate:     	White=1     	Black=1      OK:         	White=5     	Black=3} 1/2-1/2

[Event "88th Tata Steel Masters 2026"]
[White "Praggnanandhaa R"]
[Black "Keymer,Vincent"]
[Site "Wijk aan Zee"]
[Round "11.1"]
[Annotator "RC"]
[Result "0-1"]
[Date "2026.01.30"]
[WhiteElo "2758"]
[BlackElo "2776"]
[PlyCount "126"]
[TimeControl "60"]

1. c4 e5 2. g3 Nf6 3. Bg2 c6 4. d4 d6 5. Nc3 Na6 6. d5 cxd5 7. cxd5 g6 8. Nf3 Bg7 9. O-O Bd7 10. Ne1 h5 11. Nd3 h4 12. Qb3 Qb6 13. Be3 Qxb3 14. axb3 h3 15. Bh1 Bf5 16. Nb5 Kd7 17. Nxd6 Kxd6 18. Nxe5 Rhf8 19. Bd4 Rae8 20. f4 Bh8 21. Nc4+ Kd7 22. Ne5+ Kd6 23. Nc4+ Kc7 24. Be5+ Kd7 25. Nd6 Ng4 26. Nxb7 Nxe5 27. fxe5 Bxe5 28. Rfd1 Nb8 29. Rxa7 Ke7 30. Na5+ Kf6 31. Nc4 Nd7 32. d6 Rc8 33. Bd5 Rfe8 34. e3 Rc5 35. b4 Rxd5 36. Rxd5 Be6 37. Rd1 Bxc4 38. Rxd7 Ke6 39. Rb7 Bb3 40. Rd3 Bc2 41. Rd2 Be4 42. Rb6 Rd8 43. b5 Bxd6 44. Kf2 f5 45. Ra6 g5 46. Rd4 g4 47. b6 Bb7 48. Ra7 Rb8 49. Rd3 Be4 50. Rd2 Rxb6 51. Ra1 Rc6 52. b3 Bb4 53. Rda2 Ke5 54. Re2 Rc3 55. Rb2 Bd5 56. Re1 Ba3 57. Ra2 Bc5 58. Ree2 Bxb3 59. Ra8 Bc4 60. Re8+ Kf6 61. Re1 Rc2+ 62. Kg1 Bd5 63. Rf1 Bc6 0-1

[Event "88th Tata Steel Masters 2026"]
[White "Nguyen,Thai Dai Van"]
[Black "Niemann,Hans Moke"]
[Site "Wijk aan Zee"]
[Round "11.2"]
[Annotator "RC"]
[Result "0-1"]
[Date "2026.01.30"]
[WhiteElo "2656"]
[BlackElo "2725"]
[PlyCount "132"]
[TimeControl "60"]

1. c4 e5 2. Nc3 Nf6 3. Nf3 Nc6 4. e4 Bb4 5. d3 d6 6. a3 Ba5 7. h3 Bb6 8. Be3 O-O 9. Be2 Nd4 10. Bxd4 exd4 11. Na4 c5 12. Nxb6 axb6 13. O-O Bd7 14. a4 Qe8 15. b3 Nh5 16. Re1 Nf4 17. Qd2 Ng6 18. Nh2 Qd8 19. Bh5 Qh4 20. Bxg6 fxg6 21. Rf1 g5 22. b4 Rf6 23. a5 Raf8 24. axb6 cxb4 25. f3 h5 26. Qf2 Qf4 27. Qxd4 Qg3 28. Ra5 g4 29. Qf2 Qxf2+ 30. Kxf2 Rg6 31. g3 gxh3 32. Rg1 Rgf6 33. Ke3 Rg6 34. Kf2 h4 35. g4 d5 36. Rxd5 Ba4 37. Ra5 Bc2 38. Ke3 b3 39. Rb5 Ra8 40. f4 Rd6 41. d4 Ra3 42. d5 b2+ 43. Kf2 Ra2 44. Ke3 Rd8 45. c5 Ra3+ 46. Kf2 Rf8 47. f5 Ra2 48. Kf3 b1=Q 49. Rgxb1 Bxb1 50. Rxb1 Rxh2 51. c6 bxc6 52. dxc6 Rc2 53. c7 h2 54. Rh1 Rb2 55. Rxh2 Rxb6 56. g5 Rc6 57. Rxh4 Rxc7 58. g6 Re8 59. Rh1 Rc4 60. Re1 Kf8 61. Kf4 Re7 62. Kf3 Ra7 63. Rb1 Raa4 64. Re1 Ke7 65. Kf4 Kf6 66. Re3 Ra1 0-1

[Event "88th Tata Steel Masters 2026"]
[White "Fedoseev,Vladimir"]
[Black "Bluebaum,Matthias"]
[Site "Wijk aan Zee"]
[Round "11.3"]
[Annotator "RC"]
[Result "1/2-1/2"]
[Date "2026.01.30"]
[WhiteElo "2705"]
[BlackElo "2679"]
[PlyCount "131"]
[TimeControl "60"]

1. e4 e5 2. Nf3 Nf6 3. Nc3 Nc6 4. d4 exd4 5. Nxd4 Bb4 6. Nxc6 bxc6 7. Bd3 d5 8. exd5 O-O 9. O-O cxd5 10. h3 c6 11. Qf3 Bd6 12. Re1 Be6 13. Ne2 c5 14. Bg5 h6 15. Bh4 Be5 16. c3 Rb8 17. b3 Qc7 18. Rac1 c4 19. Bc2 Ne4 20. Nd4 cxb3 21. axb3 Bxd4 22. cxd4 Qb6 23. Bxe4 dxe4 24. Qxe4 Qxb3 25. Re3 Qb5 26. Qf4 Rfc8 27. Rce1 Rb6 28. Rg3 Bf5 29. Kh2 Bg6 30. Re7 Qf5 31. Qxf5 Bxf5 32. Rxa7 g5 33. Rf3 Be4 34. Re3 Bxg2 35. Kxg2 gxh4 36. Rf3 Rg6+ 37. Kf1 Rd8 38. Rf4 Re6 39. Kg2 Red6 40. Ra4 Rb8 41. Ra3 Rb4 42. Rd3 Kg7 43. Rxh4 f5 44. Rf4 Kf6 45. Kf3 Ra4 46. h4 Rb4 47. Ke2 Ra4 48. Kd2 Rc4 49. Ke3 Re6+ 50. Kf3 Rd6 51. Rd2 Rb4 52. Ke3 Rb3+ 53. Ke2 Re6+ 54. Kf1 Re4 55. Rxe4 fxe4 56. Ke2 Rh3 57. d5 Ke7 58. Rd4 Rxh4 59. Ke3 Rh2 60. Rd2 Rh4 61. Rd4 Rh2 62. Rxe4+ Kd6 63. f4 Kxd5 64. Re5+ Kd6 65. Kf3 h5 66. Kg3 1/2-1/2

[Event "88th Tata Steel Masters 2026"]
[White "Van Foreest,Jorden"]
[Black "Abdusattorov,Nodirbek"]
[Site "Wijk aan Zee"]
[Round "11.4"]
[Annotator "TA"]
[Result "1/2-1/2"]
[Date "2026.01.30"]
[WhiteElo "2703"]
[BlackElo "2751"]
[PlyCount "66"]
[TimeControl "60"]

1. Nf3 Nf6 2. c4 c5 3. Nc3 e6 4. g3 b6 5. Bg2 Bb7 6. O-O Be7 7. d4 cxd4 8. Qxd4 O-O 9. Rd1 d6 10. Bg5 Nbd7 11. Nb5 d5 12. cxd5 Bxd5 {[%emt 0:0:0] A30: Symmetrical English: Double Fianchetto and Hedgehog.} 13. Nc3 Bc6 {[%emt 0:0:0] Prevents Qa4.} 14. Rac1 Rc8 15. Qd2 $146 ({Predecessor:} 15. Ne5 Nxe5 16. Qxe5 Qe8 17. Bxc6 Rxc6 18. Bf4 Rc5 19. Qd4 Qa8 20. Bd6 Bxd6 21. Qxd6 {½-½ Chigaev,M (2632)-Kramnik,V (2753) Titled Tuesday intern op 28th Mar Early blitz 2023 (7)} )b5 16. Bxf6 Nxf6 17. Qxd8 Rfxd8 18. Rxd8+ Rxd8 19. Ne5 Bxg2 20. Kxg2 Bf8 21. Nc6 (21. Nxb5 $2 {perishes.} Rd5 22. Nxf7 Rxb5 $19 )Rd2 {[%emt 0:0:42] The position is equal.} 22. b4 (22. Nxb5 Rxe2 23. Ncxa7 Rxb2 $19 )a6 23. a3 g6 24. Nb8 Bh6 25. Rd1 ({Weaker is} 25. Nxa6 Rd6 26. Nxb5 Rxa6 $19 )Rc2 26. Rd3 e5 27. f3 Bd2 28. Nd5 Nxd5 29. Rxd5 Bc3 30. Kf1 Rc1+ 31. Kg2 Rc2 32. Kf1 Rc1+ 33. Kg2 Rc2 {[%emt 0:0:31] Weighted Error Value: White=0.04 (flawless) /Black=0.04 (flawless)   Inaccurate:     	White=1     	Black=1      OK:         	White=6     	Black=4      Best:        	---       	Black=2} 1/2-1/2

[Event "88th Tata Steel Masters 2026"]
[White "Erigaisi Arjun"]
[Black "Sindarov,Javokhir"]
[Site "Wijk aan Zee"]
[Round "11.5"]
[Annotator "RC"]
[Result "0-1"]
[Date "2026.01.30"]
[WhiteElo "2775"]
[BlackElo "2726"]
[PlyCount "132"]
[TimeControl "60"]

1. d4 d5 2. Nf3 Nf6 3. c4 e6 4. Nc3 c6 5. Qc2 dxc4 6. a4 c5 7. dxc5 Nc6 8. e4 Nb4 9. Qb1 Bxc5 10. Bxc4 e5 11. O-O O-O 12. Bg5 h6 13. Bh4 Qe7 14. h3 Be6 15. Nxe5 Rad8 16. Bxe6 Qxe6 17. Nf3 Rd3 18. e5 Nh5 19. Ne4 b6 20. Ra3 Qd5 21. Rxd3 Nxd3 22. Nc3 Qc4 23. Rd1 Nxe5 24. Nxe5 Qxh4 25. Qf5 Nf4 26. Ne4 Ne2+ 27. Kf1 Nd4 28. Qg4 Qe7 29. Nxc5 bxc5 30. Re1 Qb7 31. Qe4 Qa6+ 32. Kg1 Qxa4 33. Qd5 Qa5 34. Rd1 Qc7 35. Re1 Rd8 36. Qc4 Re8 37. f4 g5 38. Rd1 Rd8 39. Rc1 Ne6 40. f5 Nf4 41. Ng4 h5 42. Nf6+ Kg7 43. Ne4 Qb7 44. Qc2 Rd4 45. Re1 Nd3 46. Qd2 Nf4 47. Qc2 Qb4 48. Qc3 a5 49. Nxg5 Qxc3 50. bxc3 Rd2 51. Kf1 Rxg2 52. Re4 Rxg5 53. Rxf4 Kf6 54. Ra4 Rg3 55. Rc4 Rxh3 56. Kg2 Re3 57. Rxc5 Re5 58. Rc7 a4 59. Ra7 Re4 60. Rc7 Re7 61. Rc6+ Kxf5 62. Ra6 Re4 63. Rc6 Re6 64. Rc5+ Re5 65. Rc7 Ra5 66. Rxf7+ Ke4 0-1

[Event "88th Tata Steel Masters 2026"]
[White "Giri,Anish"]
[Black "Erdogmus,Yagiz Kaan"]
[Site "Wijk aan Zee"]
[Round "11.6"]
[Annotator "TA"]
[Result "1-0"]
[Date "2026.01.30"]
[WhiteElo "2760"]
[BlackElo "2658"]
[PlyCount "63"]
[TimeControl "60"]

1. d4 d5 2. c4 e6 3. Nf3 Nf6 4. Nc3 Be7 5. Bf4 O-O 6. e3 c5 7. dxc5 Bxc5 8. Qc2 Nc6 9. a3 Qa5 10. Rd1 Be7 11. Be2 {[%emt 0:0:0] D37: Queen's Gambit Declined: 5 Bf4.} Ne4 12. cxd5 Nxc3 13. bxc3 {[%emt 0:0:0] A sharp opening. The position is equal.} exd5 14. O-O Bf6 {[%emt 0:2:6] 14...h6 gains popularity.} 15. c4 dxc4 16. Bxc4 Bf5 17. Qa2 Be4 $146 {[%emt 0:18:10] Repels Rd5} ({Predecessor:} 17... Bg6 18. Rd7 Qc3 19. Bd5 Ne7 20. Bd6 Nxd5 21. Bxf8 Nxe3 22. fxe3 Rxf8 23. Rxb7 Qxe3+ {1-0 Makarian,R (2414)-Lobanov,S (2507) Moscow Aeroflot op-A 2020 (7)} )18. Nd2 Bg6 19. Bb3 Ne5 20. Bd5 Bd3 21. Bxe5 Bxe5 22. Nf3 Bxf1 23. Nxe5 Ba6 (23... Bb5 $11 24. Nxf7 Be8 25. Nd6+ Kh8 )24. Nxf7 $16 {[%emt 0:3:17] White has more active pieces.} ({Inferior is} 24. Bxf7+ Kh8 25. Qa1 Rad8 26. Rxd8 Qxd8 $15 (26... Rxd8 27. Bb3 $11 ))Qc3 (24... Qc7 $16 )25. h4 g6 $2 {[%emt 0:1:25] [#] This costs Black the game.} (25... Rac8 $16 )26. Be6 $18 {[%emt 0:6:42] White is clearly winning.} Rxf7 27. Bxf7+ Kh8 28. Qe6 {[%emt 0:3:29] Against Qf6} Bb5 29. Rd4 {[%emt 0:4:29][%cal Re6f6] [#]} Qc1+ 30. Kh2 Qc7+ 31. Rf4 Qc3 32. Qe7 {[%emt 0:1:22] Weighted Error Value: White=0.25 (precise) /Black=0.55   Loses game:     	---       	Black=1      Mistake:       	---       	Black=2      Inaccurate:     	White=3     	Black=1      OK:         	White=3     	Black=2      Best:        	White=3     	---} 1-0

[Event "88th Tata Steel Masters 2026"]
[White "Gukesh D"]
[Black "Aravindh,Chithambaram VR."]
[Site "Wijk aan Zee"]
[Round "11.7"]
[Annotator "RC"]
[Result "1/2-1/2"]
[Date "2026.01.30"]
[WhiteElo "2754"]
[BlackElo "2700"]
[PlyCount "136"]
[TimeControl "60"]

1. d4 d5 2. Nf3 Nf6 3. c4 e6 4. Nc3 Be7 5. Bf4 O-O 6. e3 b6 7. Be2 dxc4 8. Bxc4 Bb7 9. Qe2 c5 10. O-O cxd4 11. Nxd4 Nc6 12. Nxc6 Bxc6 13. Rfd1 Qc8 14. Nb5 a6 15. Nd6 Bxd6 16. Bxd6 Rd8 17. Be5 Rxd1+ 18. Rxd1 Bd5 19. Bd3 Nd7 20. Bc3 Bxa2 21. Qc2 Nf6 22. Qa4 Bd5 23. Qh4 h6 24. Bxf6 gxf6 25. Qxh6 f5 26. Qg5+ Kf8 27. h4 Bb3 28. Ra1 a5 29. Qh6+ Ke7 30. Qg5+ Kf8 31. Be2 Bd5 32. Qh6+ Ke7 33. Qg5+ Kf8 34. Qf6 Qd8 35. Qh6+ Ke7 36. Qg5+ Kf8 37. Qh6+ Ke7 38. Rc1 Qg8 39. Bf1 Qh8 40. Qg5+ Kd6 41. e4 Bxe4 42. Qg3+ Ke7 43. Qa3+ Kf6 44. Rc7 Kg7 45. Qe7 Rf8 46. Rc3 Qh6 47. Qd6 Rg8 48. Qxb6 Kh7 49. Qxa5 f4 50. Qb4 Bd5 51. Qe7 Rg7 52. Qe8 Qxh4 53. Rc8 Qg4 54. Qh8+ Kg6 55. Rg8 Kf6 56. b4 Qg6 57. b5 Qh7 58. Qxh7 Rxh7 59. b6 Ke5 60. Rc8 f5 61. Rc7 Rxc7 62. bxc7 Bb7 63. g3 fxg3 64. fxg3 Kd6 65. g4 fxg4 66. Be2 Kxc7 67. Bxg4 Bd5 68. Bxe6 Bxe6 1/2-1/2

[Event "88th Tata Steel Masters 2026"]
[White "Aravindh,Chithambaram VR."]
[Black "Giri,Anish"]
[Site "Wijk aan Zee"]
[Round "12.2"]
[Annotator "TA"]
[Result "1/2-1/2"]
[Date "2026.01.31"]
[WhiteElo "2700"]
[BlackElo "2760"]
[PlyCount "104"]
[TimeControl "60"]

1. e4 c5 2. Nf3 d6 3. d4 cxd4 4. Nxd4 Nf6 5. Nc3 a6 6. Rg1 (6. Be2 $14 )Nc6 {[%emt 0:0:0] B90: Sicilian Najdorf: Unusual White 6th moves, 6 Be3 Ng4 and 6 Be3 e5.} 7. g4 g6 {[%emt 0:0:0] Recently 7...h6 got a lot of attention.} 8. g5 Nd7 {[%emt 0:0:0] The position is equal.} 9. Be3 h6 10. h4 hxg5 11. hxg5 Bg7 12. Be2 Qa5 13. Qd2 Nc5 14. O-O-O Rh3 $146 ({Predecessor:} 14... Bd7 15. Kb1 Nxd4 16. Bxd4 Bxd4 17. Qxd4 O-O-O 18. b4 Qb6 19. Nd5 Qa7 20. Nxe7+ Kb8 21. Qxd6+ {1-0 Lisenkov,S (2322)-Vingris,M (2328) Titled Tuesday intern op 07th Oct blitz 2025 (6)} )15. f3 Be6 16. a3 Rc8 17. Rh1 {[%emt 0:2:31] A sharp opening} Rxh1 18. Rxh1 Na4 19. Nxa4 Qxa4 20. Nxe6 fxe6 21. Kb1 Kd7 (21... Nd4 $14 22. Bd1 Nb5 )22. Qd1 Rf8 23. f4 (23. c3 $16 Qxd1+ 24. Bxd1 (24. Rxd1 Be5 $11 ))Qxe4 $40 {[%emt 0:0:0][%mdl 128] Black has some attack.} 24. Bc1 Rxf4 $1 25. Bxf4 Qxf4 26. Qg1 Qe5 {[%emt 0:0:53][%csl Gg7][%cal Re5b2] [#]} 27. Qb6 Nd8 28. Bf3 d5 29. Ka2 Qxg5 30. c4 Qf4 31. Be2 Qe4 32. Re1 Qd4 (32... Bd4 $15 33. c5 Qf4 )33. Qb4 (33. Qxd4 {simplifies} Bxd4 34. Rd1 Nc6 35. b4 )Kc8 34. Rd1 Nc6 35. Qb3 Qe5 36. cxd5 Nd4 37. Qc3+ Kb8 38. Bd3 exd5 39. Bxg6 Qf6 {[%emt 0:4:16] Prevents Bf7.} 40. Qxd4 Qxd4 41. Rxd4 Bxd4 {[%emt 0:20:7][%mdl 4096] Endgame KB-KB. Black is two pawns up.} 42. Bf7 Kc7 43. Bxd5 a5 44. a4 b6 45. Bc4 Kd6 46. Kb1 e5 47. Kc2 e4 48. b3 Ke5 49. Kd1 Kf4 50. Ke2 Bc5 51. Bb5 Bd4 52. Bc4 $1 Bc5 {[%emt 0:0:1] Weighted Error Value: White=0.10 (very precise) /Black=0.11 (very precise)   Mistake:       	White=1     	Black=3      Inaccurate:     	White=4     	Black=3      OK:         	White=8     	Black=9      Best:        	White=2     	Black=1      Strong:       	White=1     	Black=1} ({Black should play} 52... Be5 $17 )1/2-1/2

[Event "88th Tata Steel Masters 2026"]
[White "Sindarov,Javokhir"]
[Black "Praggnanandhaa R"]
[Site "Wijk aan Zee"]
[Round "12.3"]
[Annotator "TA"]
[Result "1/2-1/2"]
[Date "2026.01.31"]
[WhiteElo "2726"]
[BlackElo "2758"]
[PlyCount "27"]
[TimeControl "60"]

1. d4 d5 2. c4 e6 3. Nc3 a6 4. cxd5 exd5 5. Nf3 Nf6 6. Bg5 {[%emt 0:0:0] D37: Queen's Gambit Declined: 5 Bf4.} Be6 7. e3 Nbd7 8. Bd3 {[%emt 0:0:0] White has an edge.} h6 9. Bh4 g5 10. Bg3 Nh5 11. Be5 $146 ({Predecessor:} 11. Nd2 Nxg3 12. hxg3 c6 13. Qc2 Bg7 14. Rb1 Qe7 15. b4 b5 16. Nb3 Qxb4 17. Nc5 Qa5 18. Nxe6 fxe6 19. Bg6+ Ke7 20. O-O c5 {1-0 Maghsoodloo,P (2708)-Moroni,L (2551) 1st Thursday Dec 18th blitz 2025 (5)} )Nhf6 12. Bg3 Nh5 $1 13. Be5 Nhf6 14. Bg3 {[%emt 0:0:32] Weighted Error Value: White=0.20 (precise) /Black=0.05 (flawless)   Mistake:       	White=1     	---        Inaccurate:     	White=1     	Black=1      OK:         	White=3     	---        Best:        	---       	Black=1      Strong:       	---       	Black=1} (14. Qb3 $14 )1/2-1/2

[Event "88th Tata Steel Masters 2026"]
[White "Abdusattorov,Nodirbek"]
[Black "Bluebaum,Matthias"]
[Site "Wijk aan Zee"]
[Round "12.4"]
[Annotator "TA"]
[Result "1-0"]
[Date "2026.01.31"]
[WhiteElo "2751"]
[BlackElo "2679"]
[PlyCount "85"]
[TimeControl "60"]

1. c4 e6 2. Nc3 d5 3. d4 Nf6 4. cxd5 exd5 5. Bg5 Be7 6. e3 h6 7. Bh4 O-O 8. Bd3 Re8 9. Nge2 c6 10. Qc2 Nbd7 11. h3 Nf8 {[%emt 0:0:0] D36: Queen's Gambit Declined: Exchange Variation: Main line (5 Bg5 c6 6 Qc2).} 12. Bg3 {[%emt 0:0:0] 12.0-0 gains popularity.} Ne6 13. O-O Bd6 {[%emt 0:5:41] White has an edge.} 14. Be5 Bxe5 15. dxe5 Nd7 16. f4 {[%emt 0:0:38] White is more active.} Nec5 $146 ({Predecessor:} 16... Ndc5 17. Rad1 Nxd3 18. Qxd3 b6 19. e4 dxe4 20. Qg3 Qe7 21. Nxe4 Ba6 22. Rd7 Qb4 {1-0 Aczel,G (2485)-Sklokin,S (2329) Budapest One Week GM-A 12 2024 (1)} )17. Bh7+ Kh8 18. b4 Nf8 (18... Ne6 $11 )19. bxc5 $14 Nxh7 20. e4 Qa5 21. exd5 {[%emt 0:3:13] and Ne4 should not be overlooked. White has a king side majority} Qxc5+ 22. Kh1 ({White should try} 22. Kh2 $16 )cxd5 $11 23. Qd2 Bd7 24. Rac1 {[%emt 0:1:11][%mdl 1024] White has compensation.} Qa5 25. Qb2 (25. Qxd5 {simplifies} Qxd5 26. Nxd5 Red8 27. Nec3 )Qb6 26. Qd2 Qa5 27. Nd4 f6 28. Qb2 fxe5 29. fxe5 Rxe5 30. Rf7 Nf6 {[%emt 0:3:16] [#] ...Rc8 would now be deadly.} 31. Rf1 Qc7 $2 {[%emt 0:8:45] This costs Black the game.} (31... Rc8 $11 32. Nce2 Qd8 )32. Ncb5 $18 Qc4 (32... Qa5 {was called for.} )33. R1xf6 gxf6 34. Qf2 {[%emt 0:3:45] Wards off Qf1+} Qc1+ 35. Kh2 Qg5 36. Rxd7 Re4 37. Nd6 {[%emt 0:1:12] [#] White is clearly winning. A dynamic duo of knights.} Qe5+ 38. g3 {[%emt 0:0:35] White threatens Nf7+ and mate.} Qxd4 39. Nxe4 Qxf2+ 40. Nxf2 Rc8 41. Rxb7 Rc2 42. Kg1 Rxa2 43. Ng4 {[%emt 0:0:5][%csl Yf6,Yh6] Weighted Error Value: White=0.11 (very precise) /Black=0.31   Loses game:     	---       	Black=1      Mistake:       	White=1     	Black=2      Inaccurate:     	White=3     	Black=4      OK:         	White=6     	Black=6      Best:        	---       	Black=1} 1-0

[Event "88th Tata Steel Masters 2026"]
[White "Van Foreest,Jorden"]
[Black "Erigaisi Arjun"]
[Site "Wijk aan Zee"]
[Round "12.5"]
[Annotator "TA"]
[Result "1/2-1/2"]
[Date "2026.01.31"]
[WhiteElo "2703"]
[BlackElo "2775"]
[PlyCount "71"]
[TimeControl "60"]

1. e4 e5 2. Nc3 Nc6 3. Bc4 Nf6 4. d3 Bb4 5. Bd2 O-O 6. Nge2 {[%emt 0:0:0] C28: Vienna Game: 2...Nf6 3 Bc4 Nc6.} Na5 7. a3 Nxc4 8. dxc4 Bc5 {[%emt 0:0:0] [#] Threatens to win with ...Ng4.} 9. Ng3 d6 10. Qe2 a6 $146 ({Predecessor:} 10... c6 11. Na4 Bd4 12. c3 Bb6 13. Bg5 h6 14. Nxb6 axb6 15. Bxf6 Qxf6 16. Rd1 Rd8 {1-0 Skripchenko,A (2450)-Dergatschova,A (2210) BL 0001 (Women) 2000 (8.1)} )11. Nf5 Bxf5 12. exf5 Bd4 13. g4 d5 14. O-O-O c6 15. h4 Re8 (15... Qb6 $11 )16. g5 $14 Bxc3 17. Bxc3 Ne4 18. Be1 b5 19. cxd5 cxd5 20. Qd3 Qc8 21. f6 Rd8 22. fxg7 {[%emt 0:2:20][%csl Yg7] White has a strong passed pawn} a5 23. h5 (23. Qxb5 Rb8 24. Qe2 Qb7 $16 (24... Kxg7 $2 25. f3 $18 ))Nxg5 24. f4 {[%emt 0:0:36] White is more active.} ({White should play} 24. Qxb5 $16 Qf5 25. h6 (25. Bxa5 Rdc8 $16 )(25. Rxd5 $2 Qf3 $19 ))e4 $1 $11 {[%emt 0:18:26] Black is weak on the dark squares} 25. Qxb5 Rb8 26. Qxa5 Qb7 27. Qb4 ({Inferior is} 27. fxg5 Qxb2+ 28. Kd2 e3+ 29. Kd3 (29. Kxe3 $2 {perishes.} Qxc2 30. Qd2 Qe4+ 31. Kf2 Qxh1 $19 )Qe5 $19 )Qc7 (27... Qd7 $5 28. Qd2 Qb7 $16 )28. Qc3 Qxf4+ 29. Bd2 {[%emt 0:0:53] Really sharp!} Qf5 30. Bxg5 Qxg5+ 31. Kb1 Rbc8 32. Qd4 (32. Qh3 $1 $14 )Qg2 {[%emt 0:3:14] The position is equal.} 33. Qa4 Ra8 34. Qd4 Rac8 $1 35. Qa4 Ra8 36. Qd4 {[%emt 0:0:54] Weighted Error Value: White=0.09 (flawless) /Black=0.10 (very precise)   Mistake:       	White=2     	Black=1      Inaccurate:     	---       	Black=1      OK:         	White=3     	Black=4      Best:        	White=1     	---        Strong:       	---       	Black=2} 1/2-1/2

[Event "88th Tata Steel Masters 2026"]
[White "Niemann,Hans Moke"]
[Black "Gukesh D"]
[Site "Wijk aan Zee"]
[Round "12.6"]
[Annotator "RC"]
[Result "1/2-1/2"]
[Date "2026.01.31"]
[WhiteElo "2725"]
[BlackElo "2754"]
[PlyCount "126"]
[TimeControl "60"]

1. e4 e5 2. Nf3 Nc6 3. Bb5 a6 4. Ba4 Nf6 5. O-O Be7 6. d3 b5 7. Bb3 O-O 8. a4 Bb7 9. Re1 h6 10. axb5 axb5 11. Rxa8 Qxa8 12. Nc3 Bb4 13. Bd2 Bxc3 14. bxc3 d6 15. Qb1 Ne7 16. c4 bxc4 17. Bxc4 Ba6 18. Bb3 Bc8 19. Qb2 Bg4 20. Ra1 Qb8 21. Nxe5 dxe5 22. Qxe5 Ng6 23. Qg3 c5 24. f4 h5 25. e5 h4 26. Qe3 Nh5 27. Qe4 Qc8 28. Ra4 Qf5 29. Qxf5 Bxf5 30. Kf2 Bd7 31. Ra7 Be6 32. Kf3 Bxb3 33. cxb3 f5 34. Ra6 Kh7 35. Rd6 Rb8 36. g4 hxg3 37. hxg3 Rxb3 38. Be1 c4 39. Ke3 cxd3 40. Rxd3 Rxd3+ 41. Kxd3 Nhxf4+ 42. gxf4 Nxf4+ 43. Kd4 Kg6 44. Bb4 Kf7 45. Bd2 Ne6+ 46. Kd5 Ke7 47. Kc6 Nd8+ 48. Kd5 Ne6 49. Kc6 g5 50. Bb4+ Kf7 51. Kd5 Nf4+ 52. Kd6 g4 53. Ba5 Ne6 54. Be1 Ng5 55. Kd5 Ne6 56. Kd6 f4 57. Kd5 f3 58. Bg3 Nf4+ 59. Ke4 Nh5 60. Bh4 Ke6 61. Bf2 Ke7 62. Be1 Kf7 63. Bh4 Ke6 1/2-1/2